 Dungeon Crawl Stone Soup version 0.27.1 (webtiles) character file.

Game seed: 7705570652088744791

26 H0rd4k the Caller (level 3, 0/24 HPs)
             Began as a Barachi Summoner on Aug 23, 2021.
             Succumbed to an adder's poison
             ... on level 2 of the Dungeon.
             The game lasted 00:01:49 (1972 turns).

H0rd4k the Caller (Barachi Summoner)                Turns: 1972, Time: 00:01:50

Health: 0/24       AC:  2    Str:  9    XL:     3   Next: 8%
Magic:  3/7        EV: 12    Int: 16    God:
Gold:   47         SH:  0    Dex: 12    Spells: 7/8 levels left

rFire    . . .     SeeInvis .   (no weapon)
rCold    . . .     Faith    .   (no shield)
rNeg     . . .     Spirit   .   a - +0 robe
rPois    .         Reflect  .   (no helmet)
rElec    .         Harm     .   (no cloak)
rCorr    .         Rampage  .   (no gloves)
Will     .....                  (no boots)
Stlth    ++........             (no amulet)
HPRegen  0.08/turn              (no ring)
MPRegen  0.10/turn              (no ring)

@: mighty, lethally poisoned (0 -> -3), attractive, slow
A: amphibious, slowness 1, strong legs 1, +LOS
a: Hop


You were on level 2 of the Dungeon.
You visited 1 branch of the dungeon, and saw 2 of its levels.

You collected 47 gold pieces.

Inventory:

Armour
 a - a +0 robe (worn)
Scrolls
 b - a scroll of identify {unknown}
 c - 3 scrolls of enchant armour {unknown}


   Skills:
 + Level 2.1 Dodging
 - Level 1.7 Stealth
 * Level 3.2 Spellcasting
 * Level 5.2 Summonings


You had 7 spell levels left.
You knew the following spells:

 Your Spells              Type           Power      Damage    Failure   Level
a - Summon Small Mammal   Summ           76%        N/A       2%          1

Your spell library contained the following spells:

 Spells                   Type           Power      Damage    Failure   Level
 Call Imp                 Summ           19%        N/A       3%          2
 Call Canine Familiar     Summ           19%        N/A       6%          3
 Corona                   Hex            2%         N/A       19%         1
 Summon Guardian Golem    Hex/Summ       10%        N/A       19%         3
 Ensorcelled Hibernation  Hex/Ice        4%         N/A       28%         2
 Tukima's Dance           Hex            2%         N/A       50%         3
 Summon Lightning Spire   Summ/Air       10%        N/A       52%         4


Dungeon Overview and Level Annotations

Branches:
Dungeon (2/15)

Altars:

Annotations:
D:2 Sigmund


Innate Abilities, Weirdness & Mutations

You are amphibious.
You cover ground slowly.
You can hop short distances.
You have an extended range of vision and can be seen from far away.


Message History

The adder is heavily wounded.
You feel sick.
Your quokka closely misses the adder.
Your quokka completely misses the adder.
Your quokka misses the adder. The adder barely misses you.
Unknown command.
You hit the adder but do no damage.
The adder is heavily wounded.
You feel sick.
Your quokka misses the adder. x2; The adder bites you.
Your quokka misses the adder.
Your quokka bites the adder.
Unknown command.
You barely miss the adder.
The adder is severely wounded.
You feel sick. The adder barely misses you.
Your quokka closely misses the adder.
Your quokka bites the adder.
Your quokka closely misses the adder.
The adder bites you.
You are lethally poisoned!
The adder poisons you!
It was a potion of attraction.
You feel attractive to monsters.
* * * LOW HITPOINT WARNING * * *
You feel sick.
Your quokka completely misses the adder.
Your quokka barely misses the adder.
Your quokka misses the adder. The adder closely misses you.
Your quokka misses the adder.
Your quokka bites the adder.
The adder dies!
You have reached level 3!
Your experience leads to an increase in your attributes!
Increase (S)trength, (I)ntelligence, or (D)exterity?
You feel clever.
It was a potion of might.
You feel very mighty all of a sudden.
* * * LOW HITPOINT WARNING * * *
You feel sick.
You swap places.
* * * LOW HITPOINT WARNING * * *
You feel sick.
* * * LOW HITPOINT WARNING * * *
You feel sick.
You die...

##.# #....##
#.###.##).#
#..##.###†#
##.######'####
##.†##.......#
#..rr#.⌠...⌠.#
#..rb#.......###
#....'...⌠...+.#
###.@#.......#.#
##.#.⌠...⌠.#.#
##.#.......#.#
#..####)####.#
#.....÷.###..#
#..>.......^##
#.......##.########
#.......##...(.....
###.....##########.


You could see 3 friendly quokkas and a friendly bat (summoned).

Vanquished Creatures (collateral kills)
  2 adders (D:2)
  2 dart slugs (D:1)
  3 ball pythons
  2 bats
  2 endoplasms
  A giant cockroach (D:1)
  2 goblins (D:2)
  2 hobgoblins (D:1)
  2 frilled lizards (D:1)
  2 kobolds (D:1)
  3 rats
23 creatures vanquished.

Notes
Turn   | Place    | Note
-------+----------+-------------------------------------------
     0 | D:1      | H0rd4k the Barachi Summoner began the quest for the Orb.
     0 | D:1      | Reached XP level 1. HP: 13/13 MP: 3/3
   302 | D:1      | Reached skill level 5 in Summonings
   814 | D:1      | Reached XP level 2. HP: 19/19 MP: 0/5
  1321 | D:1      | Found a faded altar of an unknown god.
  1918 | D:2      | Noticed Sigmund
  1969 | D:2      | Reached XP level 3. HP: 5/24 MP: 2/7
  1971 | D:2      | HP: 1/24 [poisoned by an adder]
  1972 | D:2      | Succumbed to an adder's poison

Illustrated notes

Levels and vault maps discovered:
D:1:      giann_forest_graveyard, layout_loops_corners,
          ebering_ecumenical_altar_mist
D:2:      layout_basic, basic_altar, st_stairs_1, minmay_fountain_box,
          chequers_serial_rivers_room_a, uniq_sigmund

Skill      XL: |  1  2 |
---------------+-------+-----
Summonings     | 5 |  5.2
Spellcasting   | 3 |  3.2
Dodging        | |  2.1
Stealth        | |  1.7

Action                   || total
-------------------------++-------
Melee: Unarmed           ||    29
 Cast: Summon Small Mamm ||    54
  Use: Potion            ||     2
Armor: Robe              ||    11
Dodge: Dodged            ||    48
